General information
			
			
        
        - name: BNet
 
        - type: Ladder team game (AT/RT)
 
        - host: Battle.net
 
        - saver: Blahsmack
 
        
map: SunrockCove 
        - players: 6
 
        - length: 04:51
 
        - speed: Fast
 - version: 1.22 W3XP
 - replay type:  Public
 
» download(24 KB)
Players
        team 1 (winner) 
              
              
aPoL08 (
teal | 38 APM | 183 actions | 04:46)
              
 1 Blademaster 
 1 Wind Walk
 
                » actions 
                
                | Basic commands | 17 |  | 
| Build / train | 14 |  | 
| Enter build submenu | 8 |  | 
| Enter hero's abilities submenu | 1 |  | 
| Right click | 83 |  | 
| Select / deselect | 52 |  | 
| Use ability | 8 |  | 
                183 total
 » units 
                » buildings
                
                | Altar of Storms | 1 |  | 
| Orc Burrow | 3 |  | 
| Barracks | 1 |  | 
| War Mill | 1 |  | 
| Voodoo Lounge | 1 |  | 
| Stronghold | 1 |  | 
                8 total
 » build order
                00:04 Altar of Storms
00:25 Orc Burrow
00:42 Barracks
01:41 Orc Burrow
02:55 War Mill
03:02 Orc Burrow
03:53 Voodoo Lounge
04:16 Stronghold
 
               
              
              
» 
Obama_H1tler (
purple | 45 APM | 215 actions | 04:46)
              
 1 Firelord 
 1 Summon Lava Spawn
 
                » actions 
                
                | Assign group hotkey | 10 |  | 
| Build / train | 18 |  | 
| Enter build submenu | 10 |  | 
| Enter hero's abilities submenu | 1 |  | 
| Right click | 79 |  | 
| Select / deselect | 55 |  | 
| Select group hotkey | 1 |  | 
| Use ability | 41 |  | 
                215 total
 » units 
                » buildings
                
                | Moon Well | 2 |  | 
| Hunter's Hall | 1 |  | 
| Ancient Protector | 5 |  | 
| Altar of Elders | 1 |  | 
                9 total
 » build order
                00:09 Moon Well
00:18 Hunter's Hall
01:31 Ancient Protector
02:03 Ancient Protector
02:23 Altar of Elders
03:18 Moon Well
03:23 Ancient Protector
03:41 Ancient Protector
04:26 Ancient Protector
 
               
              
              
Blahsmack (
pink | 51 APM | 250 actions | 04:51)
              
                » actions 
                
                | Basic commands | 8 |  | 
| Build / train | 29 |  | 
| Enter build submenu | 9 |  | 
| Right click | 108 |  | 
| Select / deselect | 78 |  | 
| Use ability | 18 |  | 
                250 total
 » units 
                » buildings
                
                | Lumber Mill | 1 |  | 
| Scout Tower | 6 |  | 
| Guard Tower | 9 |  | 
| Farm | 2 |  | 
| Altar of Kings | 1 |  | 
                19 total
 » build order
                00:16 Lumber Mill
00:58 Scout Tower
01:00 Scout Tower
01:06 Scout Tower
01:09 Scout Tower
01:30 Guard Tower
01:30 Guard Tower
01:31 Guard Tower
01:54 Guard Tower
01:55 Guard Tower
02:03 Guard Tower
02:04 Guard Tower
04:00 Guard Tower
04:07 Scout Tower
04:14 Scout Tower
04:20 Farm
04:21 Farm
04:42 Altar of Kings
 
               team 2 (loser) 
              
              
gL_nOob. (
orange | 49 APM | 210 actions | 04:16)
              
                » actions 
                
                | Assign group hotkey | 1 |  | 
| Basic commands | 3 |  | 
| Build / train | 12 |  | 
| ESC pressed | 3 |  | 
| Enter build submenu | 10 |  | 
| Right click | 115 |  | 
| Select / deselect | 48 |  | 
| Select group hotkey | 8 |  | 
| Use ability | 10 |  | 
                210 total
 » units 
                » buildings
                
                | Altar of Storms | 2 |  | 
| Orc Burrow | 3 |  | 
                5 total
 » build order
                00:21 Altar of Storms
00:27 Orc Burrow
00:41 Altar of Storms
01:24 Orc Burrow
01:50 Orc Burrow
 
               
              
              
frostflamez (
red | 66 APM | 312 actions | 04:45)
              
 1 Warden 
 1 Shadow Strike
 
                » actions 
                
                | Basic commands | 9 |  | 
| Build / train | 18 |  | 
| Enter build submenu | 15 |  | 
| Enter hero's abilities submenu | 1 |  | 
| Right click | 178 |  | 
| Select / deselect | 78 |  | 
| Use ability | 13 |  | 
                312 total
 » units 
                » buildings
                
                | Altar of Elders | 1 |  | 
| Moon Well | 3 |  | 
| Ancient of War | 3 |  | 
| Hunter's Hall | 2 |  | 
| Ancient Protector | 1 |  | 
                10 total
 » build order
                00:23 Altar of Elders
00:28 Moon Well
00:46 Ancient of War
01:53 Moon Well
02:29 Ancient of War
02:47 Hunter's Hall
03:21 Moon Well
03:35 Ancient of War
03:46 Hunter's Hall
04:16 Ancient Protector
 
               
              
              
love820812 (
blue | 41 APM | 193 actions | 04:40)
              
 1 Warden 
 1 Fan of Knives
 
                » actions 
                
                | Basic commands | 8 |  | 
| Build / train | 14 |  | 
| Enter build submenu | 11 |  | 
| Enter hero's abilities submenu | 1 |  | 
| Right click | 85 |  | 
| Select / deselect | 58 |  | 
| Use ability | 16 |  | 
                193 total
 » units 
                » upgrades
                » buildings
                
                | Altar of Elders | 1 |  | 
| Moon Well | 3 |  | 
| Hunter's Hall | 1 |  | 
| Ancient of Wonders | 1 |  | 
| Tree of Ages | 1 |  | 
| Ancient Protector | 3 |  | 
                10 total
 » build order
                00:12 Altar of Elders
00:22 Moon Well
00:50 Moon Well
02:01 Moon Well
02:11 Hunter's Hall
03:06 Ancient of Wonders
03:37 Tree of Ages
03:51 Ancient Protector
03:56 Ancient Protector
04:21 Ancient Protector
 
                Chat log
          (00:04 / All) Blahsmack: NOBAMA
(00:14 / Allies) aPoL08: bat riders bm
(00:17 / Allies) Blahsmack: pool me
(00:19 / Allies) Blahsmack: check this out
(00:41 / Allies) Obama_H1tler: FIRELORD RUSH
(00:59 / Allies) aPoL08: build now
(01:11 / Allies) Blahsmack: pool
(01:12 / Allies) Blahsmack: lumber
(01:37 / Allies) Blahsmack: lumber me
(01:38 / Allies) Blahsmack: please
(01:42 / Allies) aPoL08: wait
(01:45 / Allies) Blahsmack: now
(01:56 / Allies) Blahsmack: now
(01:57 / Allies) Blahsmack: now
(01:58 / Allies) Blahsmack: now
(02:28 / Allies) aPoL08: coming
(04:19 / All) aPoL08: lol
(04:43 / All) aPoL08: gg
(04:45 / All) Blahsmack: VOTE REPUBLICAN